 Dungeon Crawl Stone Soup version 0.31.0-9-g3a7656b989 (webtiles) character file.

Game seed: 7039180839948549163

188 qw the Shooter (level 5, -1/26 HPs)
             Began as a Spriggan Hunter on Feb 2, 2024.
             Killed by divine providence
             ... invoked by an orc priest
              (16 damage)
             ... on level 4 of the Dungeon.
             The game lasted 00:00:09 (2643 turns).

qw the Shooter (Spriggan Hunter)                    Turns: 2643, Time: 00:00:09

Health: -1/26      AC:  2    Str:  7    XL:     5   Next: 39%
Magic:  6/6        EV: 20    Int: 10    God:
Gold:   111        SH:  0    Dex: 21    Spells: 4/4 levels left

rFire   . . .        a - +1 shortbow
rCold   . . .        (shield currently unavailable)
rNeg    . . .        c - +0 robe
rPois   .            (helmet restricted)
rElec   .            (no cloak)
rCorr   .            (gloves unavailable)
SInv    +            (boots unavailable)
Will    .....        (no amulet)
Stlth   ++           (no ring)
HPRegen 0.24/turn    (no ring)
MPRegen 0.10/turn

%: no passive effects
@: very quick
A: very small, no large weapons, unfitting armour, see invisible, speed 3
a: no special abilities


You were on level 4 of the Dungeon.
You visited 1 branch of the dungeon, and saw 4 of its levels.

You collected 159 gold pieces.
You spent 48 gold pieces at shops.


Innate Abilities, Weirdness & Mutations

You are very small and have problems with some larger weapons.
You are too small for most types of armour.
You have supernaturally acute eyesight. (SInv)
You cover ground extremely quickly. (Speed+++)


   Skills:
 - Level 2.0 Fighting
 + Level 5.6 Ranged Weapons
 - Level 5.0 Dodging
 - Level 1.5 Stealth


You had 4 spell levels left.
You didn't know any spells.
Your spell library was empty.

Inventory:

Hand Weapons
 a - a +1 shortbow (weapon)
Armour
 c - a +0 robe (worn)
Jewellery
 g - a ring of positive energy
Wands
 i - a wand of charming (9)
Scrolls
 e - a scroll of identify
Potions
 b - a potion of might
 d - 2 potions of mutation
 f - 5 potions of curing
 h - 2 potions of resistance {unknown}

Dungeon Overview and Level Annotations

Branches:
Dungeon (4/15)             Temple (0/1) D:4

Altars:
Wu Jian
The Shining One

Shops:
D:1 ?

Annotations:
D:3 3 runed translucent doors, qw's ghost, amateur DEHu


Message History

i - a wand of charming (9)
You now have 111 gold pieces (gained 7).
Found a potion of attraction.
An orc comes into view. It is wielding a +0 flail.
Enter note: You shoot an arrow.
The orc shouts!
The arrow hits the orc!
You kill the orc!
You hear a shout!
An orc comes into view. It is wielding a +0 hand axe.
You shoot an arrow. The arrow closely misses the orc.
You shoot an arrow. The arrow barely misses the orc.
The orc priest shouts!
You hear a shout!
An orc comes into view. It is wielding a +0 hand axe.
The orc priest casts a cantrip, but nothing happens.
You shoot an arrow. The arrow hits the orc!
You kill the orc!
You shoot an arrow.
The arrow hits the orc priest but does no damage.
You shoot an arrow. The arrow hits the orc priest!
The orc priest is heavily wounded.
The orc priest calls down the wrath of Beogh upon you.
Beogh smites you!
2638 ||| FLEEEEING.
You shoot an arrow. The arrow barely misses the orc.
You shoot an arrow. The arrow hits the orc!
You kill the orc!
You shoot an arrow. The arrow hits the orc priest.
The orc priest is severely wounded.
You shoot an arrow. The arrow hits the orc priest.
The orc priest is almost dead.
The orc priest completely misses you.
You shoot an arrow.
The arrow closely misses the orc priest.
The orc priest calls down the wrath of Beogh upon you.
Beogh smites you!
Ouch! That really hurt!
You die...

~~~...~~~~~~.# ###
~~~~~~~~~~~..#
~~~~~~~~~..!.#
..~~~~~......#
............#
...........##
####...#.## #...#.#
#.o@#.# ############
#.)...###...........
o......................
.....)..............####
.....)..###.##......#
........# #.##......#
........# #.####.##.#
.[......# #.# #.##.#
.......)###.####.##.####


You could see an orc priest.

Vanquished Creatures
  An orc priest (D:4)
  9 adders
  3 dart slugs
  A ribbon worm (D:2)
  6 orcs (D:4)
  9 endoplasms
  10 goblins
  3 hobgoblins
  2 jackals (D:1)
  5 kobolds
  3 quokkas
  4 ball pythons
  5 bats
  3 frilled lizards
  2 rats
66 creatures vanquished.

Notes
Turn   | Place    | Note
-------+----------+-------------------------------------------
     0 | D:1      | qw the Spriggan Hunter began the quest for the Orb.
     0 | D:1      | Reached XP level 1. HP: 10/10 MP: 2/2
     0 | D:1      | 0 ||| qw: Version: 0.3-a-155-g5e7d8dd
     0 | D:1      | 0 ||| qw: Game counter: 123
     0 | D:1      | 0 ||| qw: Melee chars always use a shield: true
     0 | D:1      | 0 ||| qw: God list: Okawaru
     0 | D:1      | 0 ||| qw: Allow faded altars: false
     0 | D:1      | 0 ||| qw: Do Orc after clearing Dungeon:15 true
     0 | D:1      | 0 ||| qw: Do second Lair branch before Depths: true
     0 | D:1      | 0 ||| qw: Lair rune preference: random
     0 | D:1      | 0 ||| qw: Goals: Normal
     0 | D:1      | 0 ||| PLANNING D:1-11
    54 | D:1      | Reached skill level 3 in Dodging
    93 | D:1      | Reached XP level 2. HP: 14/14 MP: 3/3
   353 | D:1      | Found Qigimybb's Magic Scroll Shoppe.
   363 | D:1      | 363 ||| BUYING scroll of identify (24 gold).
   363 | D:1      | Bought a scroll of identify for 24 gold pieces
   363 | D:1      | 363 ||| BUYING scroll of identify (24 gold).
   363 | D:1      | Bought a scroll of identify for 24 gold pieces
   363 | D:1      | 363 ||| SHOPLISTING scroll of identify (24 gold, have 21).
   363 | D:1      | 363 ||| SHOPLISTING scroll of teleportation (36 gold, have
                  | 21).
   640 | D:1      | Reached XP level 3. HP: 18/18 MP: 4/4
   665 | D:1      | 665 ||| READING 2 scrolls of identify.
   665 | D:1      | 665 ||| IDENTIFYING grey potion
   666 | D:1      | 666 ||| READING scroll of identify.
   666 | D:1      | 666 ||| IDENTIFYING 3 fuming silvery potions
   667 | D:1      | 667 ||| READING scroll labelled NYAPPA KOETA.
   768 | D:1      | 768 ||| READING scroll labelled KAGACU SAUMP.
   769 | D:1      | 769 ||| DROPPING scroll of butterflies.
   770 | D:1      | 770 ||| DROPPING potion of attraction.
  1064 | D:2      | Reached XP level 4. HP: 22/22 MP: 5/5
  1233 | D:2      | 1233 ||| DROPPING scarf of harm.
  1234 | D:2      | 1234 ||| DROPPING +6 ring of intelligence.
  1235 | D:2      | 1235 ||| READING scroll labelled TOJOLETORI.
  1239 | D:2      | 1239 ||| READING scroll labelled KEDGHO HYQO.
  1340 | D:2      | 1340 ||| READING scroll labelled ZAUNELARUF.
  1340 | D:2      | 1340 ||| ENCHANTING +0 shortbow.
  1547 | D:3      | Found an ornate altar of the Wu Jian Council.
  1836 | D:3      | Found a runed translucent gate.
  1836 | D:3      | Found a runed translucent gate.
  1836 | D:3      | Found a runed translucent gate.
  1856 | D:3      | Noticed qw's ghost (amateur DEHu)
  1967 | D:3      | Found a glowing golden altar of the Shining One.
  2251 | D:3      | Reached XP level 5. HP: 26/26 MP: 6/6
  2379 | D:3      | 2379 ||| READING 4 scrolls of identify.
  2379 | D:3      | 2379 ||| IDENTIFYING ruby potion
  2380 | D:3      | 2380 ||| READING 3 scrolls of identify.
  2380 | D:3      | 2380 ||| IDENTIFYING bubbling pink potion
  2381 | D:3      | 2381 ||| READING 2 scrolls of identify.
  2381 | D:3      | 2381 ||| IDENTIFYING 2 glowing amethyst potions
  2382 | D:3      | 2382 ||| DROPPING potion of lignification.
  2411 | D:4      | 2411 ||| FLEEEEING.
  2420 | D:4      | 2420 ||| FLEEEEING.
  2422 | D:4      | 2422 ||| FLEEEEING.
  2424 | D:4      | 2424 ||| FLEEEEING.
  2425 | D:4      | 2425 ||| FLEEEEING.
  2426 | D:4      | 2426 ||| FLEEEEING.
  2427 | D:4      | 2427 ||| STAIRDANCE
  2609 | D:4      | Found a staircase to the Ecumenical Temple.
  2610 | D:4      | 2610 ||| PLANNING TEMPLE
  2638 | D:4      | 2638 ||| FLEEEEING.
  2643 | D:4      | Killed from afar by an orc priest

Levels and vault maps discovered:
D:1:      lightli_arrival_windingriver, layout_basic, serial_shops,
          nicolae_shop_waterfront
D:2:      layout_rooms, kennysheep_nub
D:3:      minmay_spotlight, layout_basic, mainiacjoe_overflow_24_doors,
          nicolae_tso_swordbearing_angel, ebering_ghost_rock_garden
D:4:      layout_loops_ring, temple_pool_b

Skill      XL: |  1  2  3  4 |
---------------+-------------+-----
Dodging        | 3 4 5 |  5.0
Ranged Weapons | 5 |  5.6
Fighting       | 2 |  2.0
Stealth        | |  1.5

Action                     |  1- 3 |  4- 6 || total
---------------------------+-------+-------++-------
   Fire: Shortbow          |    84 |    94 ||   178
    Use: Scroll            |     4 |     6 ||    10
 Armour: Robe              |     6 |    14 ||    20
  Dodge: Dodged            |     7 |    36 ||    43

Table legend:
 A = Non-vault XP
 B = Vault XP
 C = Vault XP percentage of total XP
 D = Non-vault monster count
 E = Vault monster count
 F = Vault count percentage of total count
                 A         B        C        D         E       F
            +---------+---------+-------+---------+---------+-------
      Total |     249 |      20 |   7.4 |      61 |       5 |   7.6
            +---------+---------+-------+---------+---------+-------
        D:1 |      42 |       0 |   0.0 |      24 |       0 |   0.0
        D:2 |      99 |       0 |   0.0 |      15 |       0 |   0.0
        D:3 |      46 |      20 |  30.3 |      13 |       5 |  27.8
        D:4 |      62 |       0 |   0.0 |       9 |       0 |   0.0
            +---------+---------+-------+---------+---------+-------
